[ AOE2 MATCH · #484406000 ]
UnrankedBurgundians vs Cumans
[ REPLAY ANALYSIS · EXTRACTED FROM THE RECORDED GAME ]
Feudal
—
Castle
—
Imperial
—
| APM avg | 23.0 |
| APM peak | 42 |
| eAPM avg | 10.5 |
| Villagers / military | 20 / 0 |
Focus
⚔️ 3.0% · 🌾 97.0%
Feudal
9:13
Castle
—
Imperial
—
| APM avg | 54.4 |
| APM peak | 71 |
| eAPM avg | 16.6 |
| Villagers / military | 23 / 0 |
Focus
⚔️ 36.4% · 🌾 63.6%
Feudal
—
Castle
—
Imperial
—
| APM avg | 62.4 |
| APM peak | 83 |
| eAPM avg | 22.4 |
| Villagers / military | 27 / 0 |
Focus
⚔️ 23.3% · 🌾 76.7%
Feudal
—
Castle
—
Imperial
—
| APM avg | 27.7 |
| APM peak | 48 |
| eAPM avg | 14.5 |
| Villagers / military | 24 / 0 |
Focus
⚔️ 15.0% · 🌾 85.0%
Feudal
—
Castle
—
Imperial
—
| APM avg | 32.7 |
| APM peak | 45 |
| eAPM avg | 11.4 |
| Villagers / military | 23 / 0 |
Focus
⚔️ 9.6% · 🌾 90.4%
Feudal
—
Castle
—
Imperial
—
| APM avg | 18.2 |
| APM peak | 31 |
| eAPM avg | 10.0 |
| Villagers / military | 24 / 0 |
Focus
⚔️ 12.0% · 🌾 88.0%
Feudal
9:22
Castle
—
Imperial
—
| APM avg | 41.0 |
| APM peak | 52 |
| eAPM avg | 17.1 |
| Villagers / military | 33 / 10 |
Focus
⚔️ 32.6% · 🌾 67.4%
Militia ×10
Feudal
—
Castle
—
Imperial
—
| APM avg | 33.0 |
| APM peak | 46 |
| eAPM avg | 14.3 |
| Villagers / military | 21 / 0 |
Focus
⚔️ 29.1% · 🌾 70.9%
Match map
Initial resources + every placement click. Lines = walls · curves = elevation contours. ◆ gold · ⬟ stone · ● berries · ✦ relic · ◌ wall gap
Your base
Goku_San's base
Aura's base
South's base
humpldipumpl's base
Elite Wasabi's base
二号头目's base
VanillaCoke's base
Smoothed initial terrain · ◌ = detected wall gap · hover for details
Inputs per minute
— Rani - - Goku_San
Build order — Rani
30 actions detected in the replay
| 0:00 | Create | Villager (Male) |
| 0:01 | Create | Villager (Male) |
| 0:01 | Create | Villager (Male) |
| 0:02 | Create | Villager (Male) |
| 0:08 | Build | House |
| 0:09 | Build | House |
| 0:47 | Research | Loom |
| 1:58 | Create | Villager (Male) |
| 2:28 | Create | Villager (Male) |
| 3:07 | Create | Villager (Male) |
| 3:08 | Create | Villager (Male) |
| 3:40 | Build | Lumber Camp |
| 4:12 | Create | Villager (Male) |
| 4:12 | Create | Villager (Male) |
| 4:43 | Build | House |
| 4:55 | Create | Villager (Male) |
| 4:56 | Create | Villager (Male) |
| 4:56 | Create | Villager (Male) |
| 5:13 | Research | Double-Bit Axe |
| 5:20 | Create | Villager (Male) |
| 6:12 | Create | Villager (Male) |
| 6:13 | Create | Villager (Male) |
| 6:24 | Build | House |
| 6:48 | Build | Mill |
| 7:07 | Create | Villager (Male) |
| 7:07 | Create | Villager (Male) |
| 8:01 | Create | Villager (Male) |
| 8:01 | Create | Villager (Male) |
| 8:56 | Build | House |
| 9:31 | Research | Feudal Age |
Build order — Goku_San
36 actions detected in the replay
| 0:00 | Create | Villager (Male) |
| 0:00 | Create | Villager (Male) |
| 0:02 | Build | House |
| 0:02 | Build | House |
| 0:06 | Create | Villager (Male) |
| 0:06 | Create | Villager (Male) |
| 0:06 | Create | Villager (Male) |
| 1:29 | Create | Villager (Male) |
| 1:42 | Create | Villager (Male) |
| 1:43 | Build | House |
| 2:32 | Create | Villager (Male) |
| 2:34 | Build | Lumber Camp |
| 2:54 | Create | Villager (Male) |
| 3:13 | Create | Villager (Male) |
| 3:25 | Create | Villager (Male) |
| 3:25 | Create | Villager (Male) |
| 4:10 | Create | Villager (Male) |
| 4:10 | Create | Villager (Male) |
| 4:11 | Create | Villager (Male) |
| 4:18 | Create | Villager (Male) |
| 4:42 | Build | House |
| 5:16 | Create | Villager (Male) |
| 5:22 | Build | Mill |
| 5:27 | Research | Loom |
| 6:07 | Create | Villager (Male) |
| 7:03 | Research | Feudal Age |
| 7:09 | Build | House |
| 8:36 | Create | Villager (Male) |
| 8:37 | Create | Villager (Male) |
| 8:51 | Create | Villager (Male) |
| 9:13 | Age | Feudal Age |
| 9:17 | Build | Town Center |
| 9:18 | Create | Villager (Male) |
| 9:25 | Build | Palisade Wall |
| 9:35 | Create | Villager (Male) |
| 9:41 | Research | Double-Bit Axe |
Build order — Aura
36 actions detected in the replay
| 0:03 | Create | Villager (Male) ×4 |
| 0:06 | Build | House |
| 0:07 | Build | House |
| 0:24 | Research | Loom |
| 0:38 | Create | Villager (Male) ×2 |
| 0:45 | Build | Palisade Wall |
| 0:55 | Build | Palisade Wall |
| 1:51 | Create | Villager (Male) |
| 2:03 | Build | Palisade Wall |
| 2:32 | Create | Villager (Male) |
| 2:32 | Create | Villager (Male) |
| 2:58 | Build | Palisade Wall |
| 3:03 | Create | Villager (Male) |
| 3:55 | Create | Villager (Male) |
| 3:56 | Create | Villager (Male) |
| 4:20 | Create | Villager (Male) |
| 4:36 | Build | Lumber Camp |
| 4:44 | Create | Villager (Male) |
| 5:03 | Create | Villager (Male) |
| 5:04 | Create | Villager (Male) |
| 5:06 | Build | House |
| 5:18 | Create | Villager (Male) |
| 5:18 | Create | Villager (Male) |
| 6:12 | Create | Villager (Male) |
| 6:12 | Create | Villager (Male) |
| 6:32 | Create | Villager (Male) |
| 6:32 | Create | Villager (Male) |
| 6:53 | Build | House |
| 7:13 | Create | Villager (Male) ×2 |
| 7:19 | Create | Villager (Male) |
| 7:28 | Build | Barracks |
| 8:11 | Create | Villager (Male) ×2 |
| 8:55 | Build | Mining Camp |
| 9:47 | Build | House |
| 9:52 | Research | Feudal Age |
| 9:52 | Research | Feudal Age |
Build order — South
35 actions detected in the replay
| 0:01 | Create | Villager (Male) |
| 0:01 | Create | Villager (Male) |
| 0:01 | Create | Villager (Male) |
| 0:03 | Build | House |
| 0:04 | Build | House |
| 0:19 | Create | Villager (Male) |
| 1:08 | Create | Villager (Male) |
| 1:44 | Create | Villager (Male) |
| 1:54 | Build | Lumber Camp |
| 1:56 | Build | House |
| 2:07 | Create | Villager (Male) |
| 2:25 | Create | Villager (Male) |
| 2:55 | Create | Villager (Male) |
| 3:10 | Create | Villager (Male) |
| 3:39 | Create | Villager (Male) |
| 3:52 | Create | Villager (Male) |
| 4:34 | Create | Villager (Male) |
| 4:45 | Build | Mill |
| 5:07 | Build | House |
| 5:17 | Create | Villager (Male) |
| 5:35 | Create | Villager (Male) |
| 6:02 | Create | Villager (Male) |
| 6:12 | Create | Villager (Male) |
| 6:16 | Create | Villager (Male) |
| 6:48 | Build | Lumber Camp |
| 6:48 | Create | Villager (Male) |
| 7:09 | Create | Villager (Male) |
| 7:34 | Create | Villager (Male) |
| 7:54 | Build | House |
| 8:22 | Create | Villager (Male) |
| 8:25 | Build | Mining Camp |
| 8:52 | Research | Feudal Age |
| 9:43 | Build | Palisade Wall |
| 10:02 | Create | Villager (Male) |
| 10:04 | Create | Villager (Male) |
Build order — humpldipumpl
36 actions detected in the replay
| 0:05 | Create | Villager (Male) |
| 0:05 | Create | Villager (Male) |
| 0:06 | Build | House |
| 0:08 | Build | House |
| 0:28 | Create | Villager (Male) |
| 0:28 | Create | Villager (Male) |
| 1:57 | Create | Villager (Male) |
| 1:57 | Create | Villager (Male) |
| 1:57 | Create | Villager (Male) |
| 2:25 | Build | Lumber Camp |
| 2:37 | Create | Villager (Male) |
| 2:37 | Create | Villager (Male) |
| 3:38 | Create | Villager (Male) |
| 3:39 | Create | Villager (Male) |
| 4:20 | Create | Villager (Male) |
| 4:20 | Create | Villager (Male) |
| 4:32 | Build | House |
| 4:37 | Build | Mill |
| 5:15 | Build | Palisade Wall |
| 5:18 | Create | Villager (Male) |
| 5:31 | Create | Villager (Male) |
| 5:45 | Create | Villager (Male) |
| 5:45 | Create | Villager (Male) |
| 6:28 | Build | House |
| 6:54 | Create | Villager (Male) |
| 7:13 | Create | Villager (Male) |
| 7:31 | Create | Villager (Male) |
| 7:37 | Build | Mining Camp |
| 8:00 | Create | Villager (Male) |
| 8:22 | Build | Palisade Wall |
| 8:35 | Build | Mining Camp |
| 8:37 | Create | Villager (Male) |
| 8:54 | Create | Villager (Male) |
| 9:05 | Research | Loom |
| 9:25 | Build | House |
| 9:31 | Build | Palisade Wall |
Build order — Elite Wasabi
37 actions detected in the replay
| 0:01 | Create | Villager (Male) |
| 0:01 | Create | Villager (Male) |
| 0:02 | Create | Villager (Male) |
| 0:03 | Build | House |
| 0:07 | Build | House |
| 0:32 | Create | Villager (Male) |
| 0:32 | Create | Villager (Male) |
| 1:33 | Create | Villager (Male) |
| 2:06 | Create | Villager (Male) |
| 2:07 | Create | Villager (Male) |
| 2:22 | Create | Villager (Male) |
| 2:54 | Create | Villager (Male) |
| 3:02 | Create | Villager (Male) |
| 3:34 | Create | Villager (Male) |
| 3:52 | Create | Villager (Male) |
| 3:57 | Build | Mill |
| 4:00 | Build | House |
| 4:03 | Build | House |
| 4:25 | Create | Villager (Male) |
| 5:01 | Build | Lumber Camp |
| 5:03 | Create | Villager (Male) |
| 5:28 | Create | Villager (Male) |
| 5:51 | Build | Lumber Camp |
| 5:53 | Create | Villager (Male) |
| 6:10 | Create | Villager (Male) |
| 6:31 | Create | Villager (Male) |
| 6:46 | Create | Villager (Male) |
| 7:05 | Create | Villager (Male) |
| 7:15 | Research | Loom |
| 7:19 | Build | House |
| 8:01 | Create | Villager (Male) |
| 8:02 | Create | Villager (Male) |
| 8:30 | Build | Mill |
| 8:35 | Create | Villager (Male) |
| 8:55 | Build | Mining Camp |
| 9:19 | Research | Feudal Age |
| 9:19 | Research | Feudal Age |
Build order — 二号头目
61 actions detected in the replay
| 0:01 | Create | Villager (Male) |
| 0:01 | Create | Villager (Male) |
| 0:01 | Create | Villager (Male) |
| 0:02 | Create | Villager (Male) |
| 0:02 | Create | Villager (Male) |
| 0:02 | Create | Villager (Male) |
| 0:03 | Build | House |
| 0:05 | Build | House |
| 1:24 | Create | Villager (Male) |
| 1:25 | Create | Villager (Male) |
| 1:58 | Create | Villager (Male) |
| 1:59 | Create | Villager (Male) |
| 2:23 | Create | Villager (Male) |
| 2:23 | Create | Villager (Male) |
| 2:40 | Create | Villager (Male) |
| 2:40 | Create | Villager (Male) |
| 2:51 | Build | Lumber Camp |
| 3:00 | Build | House |
| 3:10 | Create | Villager (Male) |
| 3:10 | Create | Villager (Male) |
| 3:28 | Build | House |
| 3:38 | Create | Villager (Male) |
| 3:38 | Create | Villager (Male) |
| 3:39 | Create | Villager (Male) |
| 4:22 | Create | Villager (Male) |
| 4:22 | Create | Villager (Male) |
| 4:39 | Build | House |
| 4:46 | Research | Loom |
| 5:04 | Create | Villager (Male) |
| 5:04 | Create | Villager (Male) |
| 5:20 | Create | Villager (Male) |
| 5:20 | Create | Villager (Male) |
| 5:20 | Create | Villager (Male) |
| 5:42 | Build | Barracks |
| 6:02 | Create | Villager (Male) |
| 6:03 | Create | Villager (Male) |
| 6:39 | Build | House |
| 7:12 | Research | Feudal Age |
| 7:12 | Research | Feudal Age |
| 7:17 | Build | Mining Camp |
| 7:26 | Create | Militia |
| 7:26 | Create | Militia |
| 7:53 | Create | Militia |
| 7:54 | Create | Militia |
| 8:04 | Create | Militia |
| 8:04 | Create | Militia |
| 8:29 | Create | Militia |
| 8:30 | Create | Militia |
| 8:36 | Build | House |
| 8:39 | Build | Mill |
| 8:51 | Create | Militia |
| 8:52 | Create | Militia |
| 9:06 | Create | Villager (Male) |
| 9:09 | Create | Villager (Male) |
| 9:11 | Create | Villager (Male) |
| 9:11 | Create | Villager (Male) |
| 9:22 | Age | Feudal Age |
| 9:33 | Research | Man-at-Arms (upgrade) |
| 9:34 | Research | Man-at-Arms (upgrade) |
| 9:47 | Create | Villager (Male) |
| 10:03 | Research | Double-Bit Axe |
Build order — VanillaCoke
33 actions detected in the replay
| 0:01 | Create | Villager (Male) |
| 0:02 | Create | Villager (Male) |
| 0:02 | Create | Villager (Male) |
| 0:03 | Build | House |
| 0:05 | Build | House |
| 0:19 | Create | Villager (Male) |
| 1:45 | Create | Villager (Male) |
| 2:03 | Create | Villager (Male) |
| 2:16 | Build | Mule Cart |
| 2:25 | Create | Villager (Male) |
| 2:56 | Create | Villager (Male) |
| 3:21 | Create | Villager (Male) |
| 4:03 | Create | Villager (Male) |
| 4:04 | Create | Villager (Male) |
| 4:08 | Build | House |
| 4:33 | Build | Mill |
| 4:47 | Create | Villager (Male) |
| 4:48 | Create | Villager (Male) |
| 4:48 | Create | Villager (Male) |
| 5:20 | Create | Villager (Male) |
| 5:49 | Build | House |
| 6:02 | Build | Palisade Wall |
| 6:21 | Create | Villager (Male) |
| 6:48 | Research | Loom |
| 6:50 | Create | Villager (Male) |
| 7:21 | Build | Palisade Wall |
| 8:01 | Create | Villager (Male) |
| 8:19 | Create | Villager (Male) |
| 8:19 | Create | Villager (Male) |
| 8:31 | Build | Palisade Wall |
| 8:35 | Create | Villager (Male) |
| 8:40 | Build | House |
| 9:31 | Research | Feudal Age |
Match timeline
| 0:45 | Aura · wall_segment Palisade Wall x8 |
| 0:55 | Aura · wall_segment Palisade Wall x7 |
| 2:03 | Aura · wall_segment Palisade Wall x10 |
| 2:58 | Aura · wall_segment Palisade Wall x1 |
| 5:15 | humpldipumpl · wall_segment Palisade Wall x9 |
| 5:42 | 二号头目 · first_building Barracks |
| 6:02 | VanillaCoke · wall_segment Palisade Wall x7 |
| 7:21 | VanillaCoke · wall_segment Palisade Wall x8 |
| 7:28 | Aura · first_building Barracks |
| 8:22 | humpldipumpl · wall_segment Palisade Wall x3 |
| 8:31 | VanillaCoke · wall_segment Palisade Wall x10 |
| 9:13 | Goku_San · age_up feudal |
| 9:22 | 二号头目 · age_up feudal |
| 9:25 | Goku_San · wall_segment Palisade Wall x2 |
| 9:31 | humpldipumpl · wall_segment Palisade Wall x1 |
| 9:39 | humpldipumpl · resign |
| 9:43 | South · wall_segment Palisade Wall x1 |
[ AI ANALYSIS · 1 CREDIT ]
What really happened in this match?
Wolo.gg analyzes every decision: build order, eco, micro, common mistakes by bracket. Personalized analysis on WhatsApp or Discord in 30 seconds.
Civ guide
Burgundians
Map guide
Black Forest
Perfil
Jugador #252829